 Dungeon Crawl Stone Soup version 0.27.0-1-g7a089689b8 (webtiles) character file.

Game seed: 17330932340928967258

23 jazmu the Skirmisher (level 2, -1/24 HPs)
             Began as a Demonspawn Fighter on Aug 15, 2021.
             Slain by a white imp (2 damage)
             ... summoned by Natasha
             ... on level 2 of the Dungeon.
             The game lasted 00:00:48 (678 turns).

jazmu the Skirmisher (Demonspawn Fighter)            Turns: 678, Time: 00:00:49

Health: -1/24      AC:  6    Str: 16    XL:     2   Next: 75%
Magic:  2/2        EV:  6    Int:  9    God:
Gold:   25         SH: 12    Dex: 12    Spells: 1/1 levels left

rFire    . . .     SeeInvis .   a - +0 war axe
rCold    . . .     Faith    .   c - +0 kite shield
rNeg     . . .     Spirit   .   b - +0 scale mail
rPois    .         Reflect  .   (no helmet)
rElec    .         Harm     .   (no cloak)
rCorr    .         Rampage  .   (no gloves)
Will     .....                  (no boots)
Stlth    ..........             (no amulet)
HPRegen  0.08/turn              (no ring)
MPRegen  0.08/turn              (no ring)

@: slowed, very slow
A: condensation shield
a: no special abilities


You were on level 2 of the Dungeon.
You visited 1 branch of the dungeon, and saw 2 of its levels.

You collected 25 gold pieces.

Inventory:

Hand Weapons
 a - a +0 war axe (weapon)
Armour
 b - a +0 scale mail (worn)
 c - a +0 kite shield (worn)
Scrolls
 g - a scroll of teleportation {unknown}
 h - a scroll of identify {unknown}
 i - a scroll of fog {unknown}
 j - a scroll of immolation {unknown}
Potions
 d - a potion of might
 e - a potion of curing {unknown}
 f - a potion of flight {unknown}


   Skills:
 + Level 3.5 Fighting
 + Level 2.4 Axes
 - Level 2.6 Armour
 - Level 2.6 Shields


You had one spell level left.
You didn't know any spells.
Your spell library contained the following spells:

 Spells                   Type           Power      Damage    Failure   Level
 Summon Small Mammal      Summ           0%         N/A       100%        1
 Call Canine Familiar     Summ           0%         N/A       100%        3
 Summon Guardian Golem    Hex/Summ       0%         N/A       100%        3


Dungeon Overview and Level Annotations

Branches:
Dungeon (2/15)

Altars:

Annotations:
D:2 Natasha


Innate Abilities, Weirdness & Mutations

A meltable shield of frost defends you. (SH +4)


Message History

The bat moves out of view.
You barely miss Natasha. Natasha casts a spell at you.
You feel yourself slow down. You block the bat's attack.
You hit Natasha.
Natasha is lightly wounded.
You closely miss the bat.
You block the bat's attack. x2; Natasha claws you.
Natasha claws you! Natasha claws you.
You are too injured to fight recklessly!
You are too injured to fight recklessly!
You slash Natasha!
Natasha is severely wounded.
You closely miss the bat. The bat barely misses you.
Natasha casts a spell at you.
You feel as though you will be slow longer.
The bat barely misses you.
Natasha casts a spell.
The bat hits you but does no damage.
Unknown command.
Unknown command.
Unknown command.
Your scale mail prevents you from hitting Natasha.
Natasha is severely wounded.
Your shield prevents you from hitting the bat.
You block the bat's attack. The bat hits you but does no damage.
The bat barely misses you.
Natasha drinks a potion.
Natasha is healed!
You block the bat's attack. Natasha claws you. The white imp gestures at you.
The puff of frost hits you!
* * * LOW HITPOINT WARNING * * *
You block Natasha's attack.
Unknown command.
Unknown command.
Unknown command.
You hit Natasha.
Natasha is lightly wounded.
You barely miss the bat. You closely miss the white imp.
You block the bat's attack. The bat hits you but does no damage.
The white imp hits you.
You die...

....#####.#.#
. #.#.# .
#.#.# ..
#.#.# ...
#.#.#
....###b#.##
...........#
...........#
.......@...#
.......h5..#
...........#
.....(.....#
.......).>.+
...........#
...........#
...........#


You could see Natasha, a white imp (summoned) and a bat.

Vanquished Creatures
  A dart slug (D:1)
  4 goblins (D:1)
  4 hobgoblins (D:1)
  2 jackals (D:1)
  A ball python (D:1)
  A bat (D:1)
  3 frilled lizards (D:1)
  2 kobolds (D:1)
  2 rats (D:1)
20 creatures vanquished.

Notes
Turn   | Place    | Note
-------+----------+-------------------------------------------
     0 | D:1      | jazmu the Demonspawn Fighter began the quest for the Orb.
     0 | D:1      | Reached XP level 1. HP: 18/18 MP: 1/1
    78 | D:1      | Gained mutation: A meltable shield of frost defends you.
                  | (SH +4) [demonic ancestry]
    78 | D:1      | Reached XP level 2. HP: 24/24 MP: 2/2
   671 | D:2      | Noticed Natasha
   677 | D:2      | HP: 1/24 [white imp/puff of frost[Natasha] (8)]
   678 | D:2      | Slain by a white imp

Illustrated notes

Levels and vault maps discovered:
D:1:      dpeg_arrival_tiny_a, layout_rooms
D:2:      layout_basic, kennysheep_generic_room_13, uniq_natasha

Skill      XL: |  1 |
---------------+----+-----
Axes           | 2 |  2.4
Fighting       | |  3.5
Armour         | |  2.6
Shields        | |  2.6

Action                   || total
-------------------------++-------
Melee: War axe           ||    57
Armor: Scale mail        ||    24
Dodge: Dodged            ||    17
Block: Kite shield       ||    44
